 Dungeon Crawl Stone Soup version 0.17-a0-1909-g0b14330 (webtiles) character file.

35 DecibelRebel the Shooter (level 3, -9/29 HPs)
             Began as a Centaur Hunter on Sept 25, 2015.
             Killed from afar by Sigmund (10 damage)
             ... with a puff of flame
             ... on level 3 of the Dungeon.
             The game lasted 00:06:26 (1644 turns).

DecibelRebel the Shooter (Centaur Hunter)           Turns: 1644, Time: 00:06:26

Health: -9/29      AC:  4    Str: 14    XL:     3   Next: 16%
Magic:  3/3        EV:  9    Int: 10    God:
Gold:   147        SH:  0    Dex: 10    Spells: 0 memorised, 2 levels left

rFire  . . .     SeeInvis .     s - +1 short sword (elec)
rCold  . . .     Clarity  .     d - +0 leather armour
rNeg   . . .     SustAt   .     (no shield)
rPois  .         Gourm    .     (no helmet)
rElec  .         Spirit   .     (no cloak)
rCorr  .         Warding  .     (no gloves)
rMut   .         Stasis   .     (no barding)
MR     .....                    (no amulet)
Stlth  ..........               (no ring)
                                (no ring)

@: confused, lethally poisoned (-9 -> -24), very quick, not resistant to hostile
enchantments, extremely unstealthy
A: hooves 3, deformed body, speed 2, tough skin 3
a: no special abilities


You were on level 3 of the Dungeon.
You were hungry.

You visited 1 branch of the dungeon, and saw 3 of its levels.

You collected 147 gold pieces.

Inventory:

Hand weapons
 a - a +1 shortbow
 c - a +0 short sword
 s - a +1 short sword of electrocution (weapon)
Armour
 d - a +0 leather armour (worn)
Scrolls
 f - a scroll of recharging {unknown}
 k - a scroll of teleportation {unknown}
 m - a scroll of noise {unknown}
 n - a scroll of blinking {unknown}
 o - a scroll of identify {unknown}
Potions
 g - 3 potions of haste {unknown}
 h - 2 potions of degeneration {unknown}
 i - 2 potions of curing {unknown}
 j - a potion of brilliance {unknown}
 l - a potion of might {unknown}
 q - a potion of heal wounds {unknown}
 r - 2 potions of lignification {unknown}
Comestibles
 e - 3 bread rations
 p - a slice of pizza


   Skills:
 - Level 2.0 Fighting
 + Level 6.7 Bows
 - Level 1.3 Dodging
 - Level 0.5 Stealth


You had 2 spell levels left.
You didn't know any spells.

Dungeon Overview and Level Annotations

Branches:
Dungeon (3/15)

Altars:
Gozag
Nemelex Xobeh
Zin

Annotations:
D:3 Sigmund


Innate Abilities, Weirdness & Mutations

You have hooves in place of feet.
Armour fits poorly on your strangely shaped body.
You cover ground very quickly.
You have extremely tough skin (AC +3).


Message History

Sigmund is severely wounded.
You feel sick. Sigmund casts a spell at you.
You are confused.
You're too confused to move!
Sigmund hits you with a scythe of venom.
* * * LOW HITPOINT WARNING * * *
You are lethally poisoned!
You bump into the rock wall.
* * * LOW HITPOINT WARNING * * *
You feel sick. Sigmund gestures at you while chanting. The magic dart hits you!
* * * LOW HITPOINT WARNING * * *
You bump into the rock wall.
* * * LOW HITPOINT WARNING * * *
You feel sick. Sigmund casts a spell at you. The puff of flame hits you!
You die...

#.†P♣♣P≈P≈≈≈..P
#..<.≈♣≈≈≈≈P≈≈≈
#####+##≈♣≈P♣♣≈P≈
#..... #♣♣♣♣ ♣♣ .
##..... ♣♣♣♣♣ #..
.....@. ... .. .......
#.###.##..
.......######.........
.....(..((..@@....#
##....#############
####


You could see Sigmund.

Vanquished Creatures
  A worm (D:2)
  A giant gecko (D:2)
  4 goblins
  3 hobgoblins
  5 jackals
  A ball python (D:1)
  7 bats
  2 giant cockroaches
  3 kobolds (D:2)
  A rat (D:2)
28 creatures vanquished.

Notes
Turn   | Place    | Note
--------------------------------------------------------------
     0 | D:1      | DecibelRebel the Centaur Hunter began the quest for the Orb.
     0 | D:1      | Reached XP level 1. HP: 17/17 MP: 1/1
    94 | D:1      | Reached XP level 2. HP: 22/24 MP: 2/2
   258 | D:1      | Reached skill level 6 in Bows
  1107 | D:2      | Found an opulent altar of Gozag.
  1107 | D:2      | Found a glowing silver altar of Zin.
  1565 | D:3      | Reached XP level 3. HP: 29/29 MP: 3/3
  1623 | D:3      | Noticed Sigmund
  1644 | D:3      | HP: 1/29 [poisoned by Sigmund]
  1644 | D:3      | Killed from afar by Sigmund

Vault maps used:
D:1:      dpeg_arrival_sounds_slurp, nemelex_xobeh_ov_fountains_minmay
D:2:      grunt_temple_overflow_gold_and_silver
D:3:      first_bread, serial_bayou_ford_a, uniq_sigmund

Action                   || total
-------------------------++-------
Melee: Short sword       ||     5
 Fire: Shortbow          ||    80
